 Dungeon Crawl Stone Soup version 0.28.0-1-gb440e238dd (webtiles) character file.

Game seed: 5045508908519789983

3751 spaghetti the Grappler (level 9, -9/65 HPs)
             Began as a Demonspawn Fighter on Feb 20, 2022.
             Was a Follower of Cheibriados.
             Mangled by Harold (23 damage)
             ... on level 8 of the Dungeon.
             The game lasted 00:12:16 (6276 turns).

spaghetti the Grappler (Demonspawn Fighter)         Turns: 6276, Time: 00:12:17

Health: -9/65      AC: 18    Str: 30    XL:     9   Next: 93%
Magic:  0/18       EV: 10    Int: 15    God:    Cheibriados [*.....]
Gold:   254        SH:  5    Dex: 21    Spells: 4/8 levels left

rFire   + . .      SeeInvis +     - Unarmed
rCold   + . .      Faith    .   c - +0 buckler
rNeg    . . .      Spirit   +   o - +7 scale mail of Youthful Indiscretion {Fly rF+ Str+3 SInv}
rPois   +          Reflect  .   (no helmet)
rElec   .          Harm     .   g - +2 cloak {rPois}
rCorr   .          Rampage  .   (no gloves)
Will    .....                   (no boots)
Stlth   +.........              d - amulet of Unycuyra {rC+ Regen+ Dex+5}
HPRegen 1.00/turn               k - ring of magical power
MPRegen 0.32/turn               n - +6 ring of strength

@: marked, flying, very slow
A: claws 1, magic shield, magic regeneration, sturdy frame 2
a: Renounce Religion, Bend Time


You were on level 8 of the Dungeon.
You worshipped Cheibriados.
Cheibriados was aware of your devotion.
You visited 2 branches of the dungeon, and saw 10 of its levels.

You collected 296 gold pieces.
You spent 42 gold pieces at shops.

Inventory:

Hand Weapons
 b - a +0 hunting sling
 l - a +0 long sword
Missiles
 m - 53 stones (quivered)
Armour
 c - a +0 buckler (worn)
 g - a +2 cloak of poison resistance (worn)
 o - the +7 scale mail of Youthful Indiscretion (worn) {Fly rF+ Str+3 SInv}
   (You found it on level 3 of the Dungeon)

   Str:       It affects your strength (+3).
   rF:        It protects you from fire.
   SInv:      It lets you see invisible.
   Fly:       It grants you flight.
Jewellery
 d - the amulet of Unycuyra (around neck) {rC+ Regen+ Dex+5}
   (You acquired it on level 6 of the Dungeon)

   [amulet of regeneration]

   Dex:       It affects your dexterity (+5).
   rC:        It protects you from cold.
   Regen:     It increases your rate of health regeneration.
 k - a ring of magical power (left claw)
 n - a +6 ring of strength (right claw)
 p - a ring of willpower
Wands
 f - a wand of flame (11)
Scrolls
 e - 5 scrolls of identify
 i - a scroll of torment


   Skills:
 - Level 4.2 Fighting
 - Level 1.7 Long Blades
 - Level 0.4 Throwing
 + Level 8.2 Armour
 - Level 2.6 Shields
 + Level 9.1 Unarmed Combat
 - Level 4.6 Evocations


You had 4 spell levels left.
You knew the following spells:

 Your Spells              Type           Power      Damage    Failure   Level
a - Ice Form              Ice/Tmut       0%         N/A       99%         4

Your spell library contained the following spells:

 Spells                   Type           Power      Damage    Failure   Level
 Frozen Ramparts          Ice            0%         1d2       80%         3
 Summon Ice Beast         Ice/Summ       0%         N/A       99%         4


Dungeon Overview and Level Annotations

Branches:
Dungeon (9/15)             Temple (1/1) D:7
   Lair: D:8-11         Orc: D:9-12

Altars:
Cheibriados
Dithmenos
Hepliaklqana
Kikubaaqudgha
Makhleb
Nemelex Xobeh
Okawaru
Qazlal
Ru
Sif Muna
Trog
Uskayaw
Vehumet
Wu Jian
Xom
Yredelemnul
Zin
The Shining One

Shops:
D:3 =   D:8 *

Annotations:
D:3 1 runed translucent door, Icepheonix32's ghost, weakling DsGl
D:6 1 runed translucent door, Crazy Yiuf
D:8 Harold


Innate Abilities, Weirdness & Mutations

You have sharp fingernails.
When hurt, damage is shared between your health and your magic reserves.
You regenerate magic rapidly.
Your movements are less encumbered by armour. (ER -4)


Message History

Harold hits you with a +0 glaive.
You scratch Harold but do no damage.
Harold is heavily wounded.
You block Harold's attack.
You scratch Harold.
Harold is heavily wounded.
Harold hits you with a +0 glaive!
You scratch Harold.
Harold is heavily wounded.
Harold hits you with a +0 glaive!
You barely miss Harold.
Harold is heavily wounded.
Okay, then.
Okay, then.
You aren't carrying any potions.
You claw Harold!
Harold is severely wounded.
Harold hits you but does no damage.
You scratch Harold but do no damage.
Harold is severely wounded.
Harold hits you with a +0 glaive!
* * * LOW HITPOINT WARNING * * *
Okay, then.
The flow of time bends around you.
Harold resists with some effort.
Harold hits you with a +0 glaive!
* * * LOW HITPOINT WARNING * * *
You scratch Harold but do no damage.
Harold is severely wounded.
Harold says, "This is so exciting!
What a great way to end my career!"
You block Harold's attack.
You claw Harold!
Harold is severely wounded.
Harold closely misses you.
You scratch Harold.
Harold is severely wounded.
Harold hits you but does no damage.
You claw Harold!
Harold is almost dead.
Harold hits you with a +0 glaive!!
You die...

........# ...####.# #.#
####o#########.#
#.h.o.g[.>.....#
P.......##og.#######.#
..P..##.####F#######.##
...# #.##..Fog@......#
.# #.##.#.###@.....#
#.##.#.# #.####.# #.##
#.# #.# #.# #.# #.# #.
#.# .. ..! .. ..# ...
#.##


You could see Harold, 2 bullfrogs, an orc wizard (invisible) and a gnoll.

Vanquished Creatures
  Joseph (D:7)
  A centaur zombie (D:6)
  Maggie (D:7)
  Sigmund (D:2)
  A wyvern (D:7)
  A wraith (D:7)
  Menkaure (D:7)
  7 water moccasins
  A black bear (D:8)
  An orc warrior (D:7)
  2 necrophages
  2 ogres
  A centaur (D:6)
  2 bullfrogs
  A gnoll sergeant (D:7)
  2 scorpions
  4 killer bees
  2 hounds (D:5)
  A jelly (D:6)
  A centaur skeleton (D:7)
  Natasha (thrice) (D:2)
  3 iguanas
  An orc wizard (D:8)
  3 adders
  3 gnolls (D:7)
  A shadow imp (D:3)
  A white imp (D:7)
  An ufetubus (D:4)
  2 worms
  6 orcs
  6 endoplasms
  2 giant cockroaches
  3 goblins
  5 hobgoblins
  4 quokkas
  A ball python (D:3)
  3 bats (D:3)
  A frilled lizard (D:3)
  4 kobolds
  4 rats
91 creatures vanquished.

Vanquished Creatures (others)
  An orc (D:8)
  44 fungi (D:8)
  47 plants (D:8)
  2 withered plants (D:3)
94 creatures vanquished.

Grand Total: 185 creatures vanquished

Notes
Turn   | Place    | Note
-------+----------+-------------------------------------------
     0 | D:1      | spaghetti the Demonspawn Fighter began the quest for the
                  | Orb.
     0 | D:1      | Reached XP level 1. HP: 18/18 MP: 1/1
   200 | D:1      | You fall into a shaft and drop 1 floor!
   311 | D:2      | Gained mutation: Your movements are slightly less
                  | encumbered by armour. (ER -2) [demonic ancestry]
   311 | D:2      | Reached XP level 2. HP: 23/25 MP: 2/2
   569 | D:3      | Gained mutation: You have sharp fingernails. [demonic
                  | ancestry]
   569 | D:3      | Reached XP level 3. HP: 10/30 MP: 3/3
   833 | D:3      | Found Plog's Jewellery Emporium.
   887 | D:2      | Noticed Natasha
   900 | D:2      | Killed Natasha
   901 | D:2      | Reached skill level 1 in Unarmed Combat
  1246 | D:2      | Noticed Sigmund
  1258 | D:2      | Killed Sigmund
  1259 | D:2      | Reached skill level 4 in Unarmed Combat
  1259 | D:2      | Reached XP level 4. HP: 13/37 MP: 4/4
  1259 | D:2      | Reached XP level 5. HP: 14/42 MP: 5/5
  1503 | D:2      | Noticed Natasha
  1527 | D:2      | Killed Natasha
  1537 | D:2      | Noticed Natasha
  1545 | D:2      | Killed Natasha
  1546 | D:2      | Gained mutation: You regenerate magic rapidly. [demonic
                  | ancestry]
  1546 | D:2      | Reached XP level 6. HP: 28/48 MP: 6/6
  1786 | D:2      | Learned a level 4 spell: Ice Form
  1952 | D:3      | Identified the +7 scale mail of Youthful Indiscretion {Fly
                  | rF+ Str+3 SInv}
  2123 | D:3      | Found a runed translucent door.
  2123 | D:3      | Noticed Icepheonix32's ghost (weakling DsGl)
  2642 | D:4      | Identified the +2 mace of Cimuph {freeze, rPois rN+ Str+3
                  | Int+3}
  2740 | D:4      | Found a burning altar of Makhleb.
  2741 | D:4      | Noticed an angel
  2741 | D:4      | Noticed a cacodemon
  3187 | D:4      | Found an ancient bone altar of Kikubaaqudgha.
  3231 | D:5      | Entered Level 5 of the Dungeon
  3287 | D:5      | Reached skill level 5 in Unarmed Combat
  3475 | D:5      | Noticed a water moccasin
  3502 | D:6      | Killed a water moccasin
  3503 | D:6      | Gained mutation: Your movements are less encumbered by
                  | armour. (ER -4) [demonic ancestry]
  3503 | D:6      | Reached XP level 7. HP: 9/54 MP: 7/7
  3617 | D:6      | Identified a scroll of acquirement
  3617 | D:6      | Acquired the amulet of Unycuyra {rC+ Regen+ Dex+5}
  4099 | D:6      | Reached skill level 5 in Armour
  4099 | D:6      | Reached skill level 6 in Unarmed Combat
  4099 | D:6      | Reached XP level 8. HP: 53/60 MP: 8/8
  4220 | D:6      | Found a runed translucent door.
  4221 | D:6      | Noticed Crazy Yiuf
  4299 | D:6      | Noticed a two-headed ogre
  4396 | D:7      | Found a staircase to the Ecumenical Temple.
  4466 | Temple   | Entered the Ecumenical Temple
  4474 | Temple   | Reached skill level 7 in Unarmed Combat
  4689 | Temple   | Became a worshipper of Cheibriados the Contemplative
  5122 | D:7      | Noticed Maggie
  5125 | D:7      | Noticed Joseph
  5158 | D:7      | HP: 3/60 [Maggie (13)]
  5160 | D:7      | Killed Joseph
  5161 | D:7      | Gained mutation: When hurt, damage is shared between your
                  | health and your magic reserves. [demonic ancestry]
  5161 | D:7      | Reached XP level 9. HP: 6/65 MP: 9/9
  5165 | D:7      | Killed Maggie
  5236 | D:7      | Reached skill level 8 in Unarmed Combat
  5375 | D:7      | Noticed Menkaure
  5386 | D:7      | Killed Menkaure
  5625 | D:7      | Reached * piety under Cheibriados
  5784 | D:8      | Found Xidiotoaph's General Store.
  5789 | D:8      | Bought a scroll of teleportation for 42 gold pieces
  6126 | D:8      | Noticed Harold
  6194 | D:8      | Reached skill level 9 in Unarmed Combat
  6276 | D:8      | Mangled by Harold

Illustrated notes

Levels and vault maps discovered:
D:1:      dpeg_arrival_refuge, layout_loops_corners, basic_ecumenical_altar
D:2:      layout_basic, uniq_natasha, uniq_sigmund
D:3:      layout_basic, gammafunk_ghost_grave, serial_shops,
          nicolae_diamond_shop, grunt_ministairs_2
D:4:      layout_loops_ring, grunt_temple_overflow_order_and_chaos_2,
          kennysheep_mini_moat
D:5:      layout_layer_cave, amcnicky_mini_pool_small, kennysheep_generic_room_2
D:6:      layout_loops_ring, serial_park_tiny_1, minivault_5,
          uniq_crazy_yiuf_cottage
D:7:      layout_basic, minmay_temple_entry_mist,
          nicolae_elevator_lobby_asterisk, uniq_menkaure, uniq_maggie,
          uniq_joseph
D:8:      layout_loops_ring, due_lair_maze_entry_diamond, serial_shops,
          nicolae_shop_advertising_works [nicolae_subvault_shop_adworks],
          uniq_harold
D:9:      layout_irregular_city, evilmike_ruin_ashenzari, amcnicky_altar_gilded,
          serial_column_ruins, column_ruins_grid_4, column_ruins_grid_1,
          column_ruins_grid_4, column_ruins_grid_3, column_ruins_grid_1,
          serial_shops, shop
Temple:   regret_index_temple_generic_petals

Skill      XL: |  1  2  3  4  5  6  7  8  9 |
---------------+----------------------------+-----
Fighting       | 4 |  4.2
Unarmed Combat | 4 5 6 7 9 |  9.1
Armour         | 3 5 6 8 |  8.2
Evocations     | 3 4 |  4.6
Long Blades    | |  1.7
Throwing       | |  0.4
Shields        | |  2.6

Action                   |  1- 3 |  4- 6 |  7- 9 || total
-------------------------+-------+-------+-------++-------
Melee: Long sword        |    42 |       |       ||    42
       Unarmed           |    48 |   102 |   238 ||   388
Throw: Stone             |       |       |    14 ||    14
       Throwing net      |       |       |     1 ||     1
Invok: Bend Time         |       |       |     1 ||     1
Evoke: Wand              |       |     3 |    17 ||    20
  Use: Potion            |     1 |     5 |     2 ||     8
       Scroll            |       |     9 |    10 ||    19
Armor: Scale mail        |    38 |    48 |   144 ||   230
       Skin              |       |       |     2 ||     2
Dodge: Dodged            |    46 |    48 |   106 ||   200
Block: Buckler           |    17 |    16 |    82 ||   115
